 Dungeon Crawl Stone Soup version 0.26-a0-190-g75a3d40d47 (console) character file.

Game seed: 16063006435306312818

263 bli the Chiller (level 6, -3/36 HPs)
             Began as a Gargoyle Wanderer on July 4, 2020.
             Slain by a centaur (5 damage)
             ... on level 6 of the Dungeon.
             The game lasted 00:11:07 (3350 turns).

bli the Chiller (Gargoyle Wanderer)                 Turns: 3350, Time: 00:11:07

Health: -3/36      AC:  9    Str: 16    XL:     6   Next: 19%
Magic:  7/10       EV: 12    Int: 12    God:
Gold:   221        SH:  5    Dex: 11    Spells: 7/11 levels left

rFire    . . .     SeeInvis .     - Unarmed
rCold    . . .     Faith    .   (no shield)
rNeg     + . .     Spirit   .   d - +0 robe
rPois    ∞         Reflect  +   (no helmet)
rElec    +         Harm     .   z - +2 cloak
rCorr    .                      (no gloves)
MR       .....                  (no boots)
Stlth    +.........             c - amulet of reflection
HPRegen  0.12/turn              (no ring)
MPRegen  0.12/turn              (no ring)

@: frozen ramparts
A: negative energy resistance 1, electricity resistance, unbreathing,
petrification resistance, rot immunity, AC +4
a: no special abilities


You were on level 6 of the Dungeon.
You were hungry.

You visited 1 branch of the dungeon, and saw 4 of its levels.

You collected 221 gold pieces.

Inventory:

Hand Weapons
 a - a +0 short sword
 m - a cursed -2 hand axe
 n - a +0 club
 r - a +0 whip
 y - a +4 quarterstaff of chaos
Missiles
 h - 108 stones (quivered)
Armour
 d - a +0 robe (worn)
 j - a +0 leather armour
 q - a +0 chain mail
 z - a +2 cloak (worn)
Jewellery
 c - an amulet of reflection (around neck)
 e - an uncursed ring of flight
Wands
 u - a wand of paralysis (4)
Scrolls
 b - 2 scrolls of teleportation {unknown}
 g - a scroll of fog {unknown}
 i - a scroll of blinking {unknown}
 k - 2 scrolls of remove curse {unknown}
 p - 2 scrolls of enchant weapon {unknown}
 s - 2 scrolls of identify {unknown}
 t - 4 scrolls of enchant armour {unknown}
 w - a scroll of amnesia {unknown}
 A - a scroll of immolation {unknown}
Potions
 l - a potion of heal wounds {unknown}
 o - a potion of degeneration {unknown}
 v - a potion of magic
 x - a potion of mutation {unknown}
 B - 2 potions of resistance {unknown}
 D - a potion of berserk rage {unknown}
Comestibles
 f - 3 rations
 C - 2 chunks of flesh


   Skills:
 * Level 2.8 Fighting
 - Level 1.0 Throwing
 + Level 1.3 Dodging
   Level 1.1 Shields
 + Level 3.5 Unarmed Combat
 * Level 3.1 Spellcasting
 + Level 4.3 Ice Magic


You had 7 spell levels left.
You knew the following spells:

 Your Spells              Type           Power        Failure   Level  Hunger
a - Freeze                Ice            ##..         4%          1    #......
R - Frozen Ramparts       Ice            ##....       12%         3    ###....

Your spell library contained the following spells:

 Spells                   Type           Power        Failure   Level  Hunger
 Ozocubu's Armour         Chrm/Ice       #.......     30%         3    ###....
 Hailstorm                Conj/Ice       #.......     69%         4    #####..
 Summon Ice Beast         Ice/Summ       #.......     69%         4    #####..


Dungeon Overview and Level Annotations

Branches:
Dungeon (3/15)

Altars:

Annotations:
D:6 Blork the orc


Innate Abilities, Weirdness & Mutations

You are resistant to torment.
Your stone body is resilient. (AC +4)
You are immune to poison.
You resist negative energy. (rN+)
You are resistant to electric shocks. (rElec)
You can survive without breathing.
You are immune to petrification.
You are immune to rotting.


Message History

* * * LOW HITPOINT WARNING * * *
You hit the centaur.
The centaur is moderately wounded.
The wall freezes the centaur but do no damage.
The centaur completely misses you.
The wall freezes the centaur.
The centaur closely misses you.
You closely miss the centaur.
The centaur is heavily wounded.
The wall freezes the centaur but do no damage.
The centaur hits you.
* * * LOW HITPOINT WARNING * * *
You hit the centaur but do no damage.
The centaur is heavily wounded.
The wall freezes the centaur.
The centaur hits you.
* * * LOW HITPOINT WARNING * * *
You hit the centaur.
The centaur is severely wounded.
The wall freezes the centaur.
The centaur hits you.
* * * LOW HITPOINT WARNING * * *
The wall freezes the centaur.
The centaur hits you.
You die...

... ... #.# .
#.# .c #.#
.... #.#
....? #.#
...... #(#
..$..^##@####
o......c....#
).......(...#
............#
..>.......>.#
............#
##..........#
#..........#
#..........#
###########


You could see a centaur.

Vanquished Creatures
  Crazy Yiuf (D:2)
  An orc priest (D:3)
  Jessica (D:2)
  2 orc wizards (D:3)
  4 adders
  A worm (D:2)
  A dart slug (D:2)
  2 leopard geckos
  4 orcs (D:3)
  A ball python (D:2)
  6 bats
  6 giant cockroaches
  6 goblins
  11 hobgoblins
  13 jackals
  3 kobolds
  5 frilled lizards
  9 rats
77 creatures vanquished.

Notes
Turn   | Place    | Note
-------+----------+-------------------------------------------
     0 | D:1      | bli the Gargoyle Wanderer began the quest for the Orb.
     0 | D:1      | bli set off with the following items: a +0 short sword, a
                  | potion of lignification, a +0 robe, a ration; and the
                  | following spell memorised: Freeze; and the following spells
                  | available to memorise: Frozen Ramparts, Ozocubu's Armour,
                  | Hailstorm, Summon Ice Beast
     0 | D:1      | Reached XP level 1. HP: 12/12 MP: 1/1
   363 | D:1      | You fall into a shaft and drop 1 floor!
   379 | D:2      | Reached XP level 2. HP: 16/16 MP: 0/2
   700 | D:1      | Reached XP level 3. HP: 21/21 MP: 3/3
   899 | D:1      | Reached skill level 1 in Spellcasting
   906 | D:1      | Learned a level 3 spell: Frozen Ramparts
  1527 | D:2      | Reached XP level 4. HP: 26/26 MP: 2/5
  1813 | D:2      | Reached skill level 4 in Ice Magic
  1853 | D:2      | Noticed Jessica
  1858 | D:2      | Killed Jessica
  1971 | D:2      | Reached XP level 5. HP: 31/31 MP: 3/7
  2180 | D:2      | Found a runed translucent door.
  2181 | D:2      | Noticed Crazy Yiuf
  2189 | D:2      | Killed Crazy Yiuf
  2951 | D:3      | HP: 1/46 [orc priest/divine providence (11)]
  2960 | D:3      | Reached XP level 6. HP: 11/36 MP: 5/10
  3329 | D:3      | You fall into a shaft and drop 3 floors!
  3337 | D:6      | Noticed Blork the orc
  3350 | D:6      | Slain by a centaur

Illustrated notes

Levels and vault maps discovered:
D:1:      giann_bridges, layout_loops_ring
D:2:      layout_basic, uniq_crazy_yiuf_cottage, uniq_jessica
D:3:      layout_basic, serial_glass, glass_columns_a, glass_columns_c,
          first_ration
D:6:      layout_rooms, uniq_blork_the_orc

Skill      XL: |  1  2  3  4  5  6 |
---------------+-------------------+-----
Spellcasting   | 1 2 3 |  3.1
Fighting       | 2 |  2.8
Ice Magic      | 4 |  4.3
Throwing       | |  1.0
Dodging        | |  1.3
Shields        | |  1.1
Unarmed Combat | |  3.5

Action                   |  1- 3 |  4- 6 || total
-------------------------+-------+-------++-------
Melee: Short sword       |    19 |       ||    19
       Unarmed           |    80 |    75 ||   155
       Punch             |       |     2 ||     2
Throw: Stone             |       |     2 ||     2
 Cast: Freeze            |    21 |    19 ||    40
       Frozen Ramparts   |       |     9 ||     9
  Use: Potion            |       |     4 ||     4
  Eat: Chunk             |     3 |     7 ||    10
Armor: Robe              |    35 |    23 ||    58
       Skin              |       |     6 ||     6
Dodge: Dodged            |    58 |    32 ||    90

Table legend:
 A = Non-vault XP
 B = Vault XP
 C = Vault XP percentage of total XP
 D = Non-vault monster count
 E = Vault monster count
 F = Vault count percentage of total count
                 A         B        C        D         E       F
            +---------+---------+-------+---------+---------+-------
      Total |     297 |      79 |  21.0 |      75 |       2 |   2.6
            +---------+---------+-------+---------+---------+-------
        D:1 |      47 |       0 |   0.0 |      27 |       0 |   0.0
        D:2 |      99 |      79 |  44.4 |      34 |       2 |   5.6
        D:3 |     151 |       0 |   0.0 |      14 |       0 |   0.0
            +---------+---------+-------+---------+---------+-------
